 Dungeon Crawl Stone Soup version 0.21-a0-538-gd16b88a (webtiles) character file.

233 KristoblXynda the Chopper (level 5, -6/41 HPs)
             Began as a Draconian Gladiator on Dec 16, 2017.
             Killed by nerve-wracking pain
             ... invoked by a shadow imp
             ... summoned by Natasha
              (10 damage)
             ... on level 2 of the Dungeon.
             The game lasted 00:02:45 (1269 turns).

KristoblXynda the Chopper (Draconian Gladiator)     Turns: 1269, Time: 00:02:46

Health: -6/41      AC:  0    Str: 16    XL:     5   Next: 75%
Magic:  5/5        EV: 28    Int: 15    God:
Gold:   48         SH:  0    Dex: 22    Spells: 4/4 levels left

rFire    . . .     SeeInvis .   (weapon currently unavailable)
rCold    . . .     Gourm    .   (shield currently unavailable)
rNeg     . . .     Faith    .   (armour unavailable)
rPois    .         Spirit   .   (helmet currently unavailable)
rElec    .         Reflect  .   (cloak currently unavailable)
rCorr    .         Harm     .   (gloves currently unavailable)
MR       .....                  (boots currently unavailable)
Stlth    ++++......             (no amulet)
HPRegen  0.13/turn              (ring currently unavailable)
MPRegen  0.09/turn              (ring currently unavailable)

@: brilliant, agile, bat-form, flying, very quick
A: tiny, unfitting armour, AC +5
a: no special abilities


You were on level 2 of the Dungeon.
You were not hungry.
You were in bat-form.
You visited 1 branch of the dungeon, and saw 2 of its levels.

You collected 48 gold pieces.

Inventory:

Hand Weapons
 a - a +0 war axe
 e - a +0 hand axe of venom (melded)
Missiles
 c - 3 throwing nets (quivered)
Armour
 b - a +0 hat (melded)
Wands
 h - a wand of flame (31)
Scrolls
 f - a scroll of fog {unknown}
 i - a scroll of noise {unknown}
 k - 3 scrolls of identify {unknown}
Comestibles
 d - a bread ration


   Skills:
 - Level 2.1 Fighting
 + Level 4.4 Axes
 - Level 2.1 Throwing
 + Level 4.0 Dodging
 + Level 2.8 Stealth


You had 4 spell levels left.
You didn't know any spells.

Dungeon Overview and Level Annotations

Branches:
Dungeon (2/15)

Altars:
Makhleb
Sif Muna

Annotations:
D:2 Natasha


Innate Abilities, Weirdness & Mutations

((Your plain brown scales are hard. (AC +5)))
You cannot fit into any form of body armour.
((You are cold-blooded and may be slowed by cold attacks.))


Message History

You hit Natasha.
Natasha is heavily wounded.
The crimson imp hits you.
Natasha stares at you and mumbles some strange words.
The magic dart hits you!
* * * LOW HITPOINT WARNING * * *
The crimson imp hits you.
* * * LOW HITPOINT WARNING * * *
Things that are here:
a scythe; a robe It was a potion of brilliance.
You feel clever all of a sudden.
It was a potion of agility.
You feel agile all of a sudden.
Natasha mumbles some strange words.
Unknown command.
The shadow imp shouts, "Turn tail, thou odious bat-fowling toady!"
The shadow imp gestures at you. Pain shoots through your body!
You die...

### ###8### #._._.#
##...## #...# ##'##
######..(# #h5..b...#
##5########
##...##############
##.>h..#...........######
#........########........
#........#### #..######
#...........# #..#
##..........# #..#
##.........#####..#


You could see Natasha, a crimson imp and a shadow imp.

Vanquished Creatures
  Sigmund (D:2)
  Natasha (D:2)
  Terence (D:2)
  An adder (D:2)
  A worm (D:2)
  A dart slug (D:2)
  A leopard gecko (D:1)
  5 bats
  2 giant cockroaches
  3 hobgoblins
  2 kobolds (D:2)
  3 rats
22 creatures vanquished.

Notes
Turn   | Place    | Note
-------+----------+-------------------------------------------
     0 | D:1      | KristoblXynda the Draconian Gladiator began the quest for the Orb.
     0 | D:1      | Reached XP level 1. HP: 17/17 MP: 1/1
   107 | D:1      | Reached XP level 2. HP: 21/24 MP: 2/2
   591 | D:2      | Noticed Terence
   604 | D:2      | Killed Terence
   604 | D:2      | Reached skill level 1 in Stealth
   604 | D:2      | Reached XP level 3. HP: 13/29 MP: 3/3
   934 | D:2      | Noticed Sigmund
   983 | D:2      | Noticed Natasha
  1000 | D:2      | Killed Natasha
  1000 | D:2      | Reached XP level 4. HP: 34/36 MP: 4/4
  1225 | D:2      | Killed Sigmund
  1225 | D:2      | Reached XP level 5. HP: 33/41 MP: 5/5
  1233 | D:2      | Found a burning altar of Makhleb.
  1233 | D:2      | Found a deep blue altar of Sif Muna.
  1247 | D:2      | Noticed Natasha
  1269 | D:2      | Killed from afar by a shadow imp

Vault maps used:
D:1:      mushboom_english_gardens, minmay_misc_feat_rows,
          minmay_misc_feat_roman
D:2:      gammafunk_temple_overflow_statue, minmay_split_cup_small,
          uniq_sigmund, uniq_terence, uniq_natasha

Skill      XL: |  1  2  3  4 |
---------------+-------------+-----
Throwing       | 2 |  2.1
Dodging        | 3 4 |  4.0
Stealth        | 1 2 |  2.8
Axes           | 4 |  4.4
Fighting       | |  2.1

Action                   |  1- 3 |  4- 6 || total
-------------------------+-------+-------++-------
Melee: Hand axe          |    40 |    25 ||    65
       Tailslap          |     3 |     5 ||     8
       War axe           |     5 |       ||     5
       Unarmed           |     2 |     8 ||    10
  Use: Potion            |       |     2 ||     2
 Stab: Sleeping          |     1 |     1 ||     2
  Eat: Chunk             |       |     1 ||     1
Armor: Skin              |    14 |     2 ||    16
Dodge: Dodged            |    41 |    21 ||    62

Table legend:
 A = Spawn XP
 B = Non-spawn XP
 C = Spawn XP percentage of total XP
 D = Spawn monster count
 E = Non-spawn monster count
 F = Spawn count percentage of total count
 G = Total turns spent on level
                    A         B        C        D         E        F      G
               +---------+---------+-------+---------+---------+-------+---------
         Total |       0 |     334 |   0.0 |       0 |      22 |   0.0 |  1269
               +---------+---------+-------+---------+---------+-------+---------
           D:1 |       0 |      17 |   0.0 |       0 |       9 |   0.0 |   564
           D:2 |       0 |     317 |   0.0 |       0 |      13 |   0.0 |   705
               +---------+---------+-------+---------+---------+-------+---------
